| TOP OF THE 1ST |
|
Chicago (APP) Cubs batting - Pitching for San Diego (APP) Padres : RHP Brian McDaniel
|
|
Pitching: RHP Brian McDaniel
|
|
|
Batting: RHB Andy Huntley
|
0-0: Called Strike 0-1: Called Strike 0-2: Ball 1-2: Strikes out looking
|
|
Batting: RHB Leonardo Nava
|
0-0: Called Strike 0-1: SINGLE (Line Drive, 56D, EV 100.0 MPH)
|
|
Batting: RHB Tak-keung Chieu
|
0-0: Swinging Strike 0-1: Ball 1-1: Ball 2-1: Called Strike 2-2: Grounds into double play, 6-4-3 (Groundball, 6, EV 81.9 MPH)
|
| Top of the 1st over - 0 runs, 1 hit, 0 errors, 0 left on base; Chicago (APP) 0 - San Diego (APP) 0 |
| BOTTOM OF THE 1ST |
|
San Diego (APP) Padres batting - Pitching for Chicago (APP) Cubs : RHP Arnaldo Cardamenho
|
|
Pitching: RHP Arnaldo Cardamenho
|
|
|
Batting: LHB Phil Lerner
|
0-0: Ball 1-0: Foul Ball, location: 2F 1-1: Ball 2-1: Ball 3-1: Base on Balls
|
|
Batting: RHB Ryan Tatum
|
0-0: Called Strike 0-1: Ball 1-1: Ball 2-1: DOUBLE (Groundball, 5L, EV 95.0 MPH) Phil Lerner to third
|
|
Batting: LHB Carlos Cuellar
|
0-0: Ball 1-0: Fly out, F9 (Line Drive, 9D, EV 89.4 MPH) Runner from 3rd tags up, SCORES, no throw by RF Ryan Tatum to third
|
|
Batting: RHB Tom Tate
|
0-0: Ball 1-0: Fly out, F7 (Flyball, 78S, EV 77.5 MPH)
|
|
Batting: LHB Hugo MacBeth
|
0-0: Foul Ball, location: 2F 0-1: Called Strike 0-2: Foul Ball, location: 2F 0-2: Fly out, F8 (Flyball, 8RD, EV 85.0 MPH)
|
| Bottom of the 1st over - 1 run, 1 hit, 0 errors, 1 left on base; Chicago (APP) 0 - San Diego (APP) 1 |
| TOP OF THE 2ND |
|
Chicago (APP) Cubs batting - Pitching for San Diego (APP) Padres : RHP Brian McDaniel
|
|
Batting: LHB Mark Ingram
|
0-0: Ball 1-0: Ball 2-0: Foul Ball, location: 2F 2-1: Foul Ball, location: 2F 2-2: SINGLE (Groundball, 6MD, EV 99.4 MPH)
|
|
Batting: RHB Randy Schmitt
|
0-0: Ball 1-0: Ball 2-0: Foul Ball, location: 2F 2-1: Ball 3-1: Called Strike 3-2: Fielders Choice at 2nd, 5-4 (Groundball, 56S, EV 82.5 MPH)
|
|
Batting: SHB Gabriel Cruz
|
0-0: DOUBLE (Flyball, 78D, EV 98.8 MPH) Randy Schmitt to third
|
|
Batting: RHB Han-seung Hah
|
0-0: Ball 1-0: Ball 2-0: Fly out, F7 (Line Drive, 7, EV 93.1 MPH) Runner from 3rd tags up, OUT at HOME! 7-2
|
| Top of the 2nd over - 0 runs, 2 hits, 0 errors, 1 left on base; Chicago (APP) 0 - San Diego (APP) 1 |
| BOTTOM OF THE 2ND |
|
San Diego (APP) Padres batting - Pitching for Chicago (APP) Cubs : RHP Arnaldo Cardamenho
|
|
Batting: LHB Rogelio Nunez
|
0-0: Ball 1-0: Ball 2-0: Foul Ball, location: 2F 2-1: Foul Ball, location: 2F 2-2: Foul Ball, location: 2F 2-2: Ball 3-2: Foul Ball, location: 2F 3-2: Strikes out looking
|
|
Batting: RHB Tyler West
|
0-0: Called Strike 0-1: Swinging Strike 0-2: Ball 1-2: Ball 2-2: Ball 3-2: Foul Ball, location: 2F 3-2: Base on Balls
|
|
Batting: RHB Max Stillo
|
0-0: Foul Ball, location: 2F 0-1: Ball 1-1: Ball Wild Pitch! Tyler West to second 2-1: SINGLE (Groundball, 5S, EV 67.5 MPH) (infield hit) Tyler West to third
|
|
Batting: RHB Stephon Hill
|
0-0: Called Strike 0-1: DOUBLE (Line Drive, 9LS, EV 109.4 MPH) Tyler West scores Max Stillo to third Runner from 3rd tries for Home, SAFE, no throw by RF
|
|
Batting: LHB Phil Lerner
|
0-0: Ball 1-0: Foul Ball, location: 2F 1-1: Ball 2-1: Ball 3-1: Base on Balls
|
|
Batting: RHB Ryan Tatum
|
0-0: Foul Ball, location: 2F 0-1: Hit by Pitch Stephon Hill to third Phil Lerner to second
|
|
Batting: LHB Carlos Cuellar
|
0-0: Called Strike 0-1: Ball 1-1: Called Strike 1-2: Fielders Choice at 2nd, 6-4 (Groundball, 6, EV 82.5 MPH) Stephon Hill scores Phil Lerner to third
|
|
Batting: RHB Tom Tate
|
0-0: Called Strike 0-1: Swinging Strike 0-2: Ball 1-2: Ball 2-2: Strikes out swinging
|
| Bottom of the 2nd over - 3 runs, 2 hits, 0 errors, 2 left on base; Chicago (APP) 0 - San Diego (APP) 4 |
| TOP OF THE 3RD |
|
Chicago (APP) Cubs batting - Pitching for San Diego (APP) Padres : RHP Brian McDaniel
|
|
Batting: RHB Jake Mitchell
|
0-0: Ball 1-0: Foul Ball, location: 2F 1-1: Called Strike 1-2: Ball 2-2: Foul Ball, location: 2F 2-2: Foul Ball, location: 2F 2-2: Strikes out swinging
|
|
Batting: RHB Jerry Blas
|
0-0: Called Strike 0-1: Foul Ball, location: 2F 0-2: Foul Ball, location: 2F 0-2: Strikes out swinging
|
|
Batting: RHB Andy Huntley
|
0-0: Ball 1-0: Foul Ball, location: 2F 1-1: TRIPLE (Flyball, 78XD, EV 93.1 MPH)
|
|
Batting: RHB Leonardo Nava
|
0-0: Ball 1-0: Ball 2-0: Called Strike 2-1: Foul Ball, location: 2F 2-2: Strikes out looking
|
| Top of the 3rd over - 0 runs, 1 hit, 0 errors, 1 left on base; Chicago (APP) 0 - San Diego (APP) 4 |
| BOTTOM OF THE 3RD |
|
San Diego (APP) Padres batting - Pitching for Chicago (APP) Cubs : RHP Arnaldo Cardamenho
|
|
Batting: LHB Hugo MacBeth
|
0-0: Ball 1-0: Ball 2-0: Called Strike 2-1: Called Strike 2-2: Hit by Pitch
|
|
Batting: LHB Rogelio Nunez
|
0-0: Called Strike 0-1: Fielders Choice at 2nd, 5-4 (Groundball, 56, EV 105.6 MPH)
|
|
Batting: RHB Tyler West
|
0-0: Ball 1-0: Called Strike Rogelio Nunez is caught stealing 2nd base 2-4 1-1: Ball 2-1: Ground out 4-3 (Groundball, 4, EV 86.3 MPH)
|
| Bottom of the 3rd over - 0 runs, 0 hits, 0 errors, 0 left on base; Chicago (APP) 0 - San Diego (APP) 4 |
| TOP OF THE 4TH |
|
Chicago (APP) Cubs batting - Pitching for San Diego (APP) Padres : RHP Brian McDaniel
|
|
Batting: RHB Tak-keung Chieu
|
0-0: Ball 1-0: Swinging Strike 1-1: Ball 2-1: SINGLE (Groundball, 5D, EV 105.0 MPH)
|
|
Batting: LHB Mark Ingram
|
0-0: Ball 1-0: 2-RUN HOME RUN (Flyball, 9D, EV 94.4 MPH), Distance : 371 ft
|
|
Batting: RHB Randy Schmitt
|
0-0: DOUBLE (Line Drive, 89M, EV 89.4 MPH)
|
|
Batting: SHB Gabriel Cruz
|
0-0: Ball 1-0: Foul Ball, location: 2F 1-1: Ball 2-1: Ground out 6-3 (Groundball, 6, EV 98.8 MPH)
|
|
Batting: RHB Han-seung Hah
|
0-0: SINGLE (Line Drive, 89S, EV 111.9 MPH) Randy Schmitt to third
|
|
Batting: RHB Jake Mitchell
|
0-0: Called Strike 0-1: Called Strike 0-2: SINGLE (Groundball, 6M, EV 95.6 MPH) Randy Schmitt scores Han-seung Hah to second
|
|
Batting: RHB Jerry Blas
|
0-0: Ball 1-0: Ball 2-0: SINGLE (Groundball, 6S, EV 99.4 MPH) Han-seung Hah to third Jake Mitchell to second
|
|
Batting: RHB Andy Huntley
|
0-0: Called Strike 0-1: Called Strike 0-2: Ball 1-2: Strikes out swinging
|
|
Batting: RHB Leonardo Nava
|
0-0: Fly out, F7 (Flyball, 7D, EV 103.1 MPH)
|
| Top of the 4th over - 3 runs, 6 hits, 0 errors, 3 left on base; Chicago (APP) 3 - San Diego (APP) 4 |
| BOTTOM OF THE 4TH |
|
San Diego (APP) Padres batting - Pitching for Chicago (APP) Cubs : RHP Arnaldo Cardamenho
|
|
Batting: RHB Max Stillo
|
0-0: Ground out 5-3 (Groundball, 56S, EV 82.5 MPH)
|
|
Batting: RHB Stephon Hill
|
0-0: Foul Ball, location: 2F 0-1: Ball 1-1: Called Strike 1-2: Foul Ball, location: 2F 1-2: Foul Ball, location: 2F 1-2: Ground out 1-3 (Groundball, 34S, EV 71.9 MPH)
|
|
Batting: LHB Phil Lerner
|
0-0: Ball 1-0: Ball 2-0: Swinging Strike 2-1: Ball 3-1: Called Strike 3-2: Foul Ball, location: 2F 3-2: Strikes out swinging
|
| Bottom of the 4th over - 0 runs, 0 hits, 0 errors, 0 left on base; Chicago (APP) 3 - San Diego (APP) 4 |
| TOP OF THE 5TH |
|
Chicago (APP) Cubs batting - Pitching for San Diego (APP) Padres : RHP Brian McDaniel
|
|
Batting: RHB Tak-keung Chieu
|
0-0: Ball 1-0: Ball 2-0: Called Strike 2-1: Ball 3-1: Base on Balls
|
|
Batting: LHB Mark Ingram
|
0-0: Ball 1-0: Foul Ball, location: 2F 1-1: Ball 2-1: Ball 3-1: Base on Balls Tak-keung Chieu to second
|
|
Pitching: RHP Scott Gillis
|
|
|
Batting: RHB Randy Schmitt
|
0-0: Called Strike 0-1: Ball 1-1: Called Strike 1-2: Foul Ball, location: 2F 1-2: Ball 2-2: Fielders Choice at 2nd, 4-6 (Groundball, 4S, EV 83.1 MPH) Tak-keung Chieu to third
|
|
Batting: SHB Gabriel Cruz
|
0-0: Ball 1-0: Called Strike 1-1: Fly out, F8 (Flyball, 8LD, EV 106.3 MPH)
|
|
Batting: RHB Han-seung Hah
|
0-0: Foul Ball, location: 2F 0-1: Foul Ball, location: 2F 0-2: Ball 1-2: Ball 2-2: DOUBLE (Line Drive, 7D, EV 106.3 MPH) Tak-keung Chieu scores Randy Schmitt to third
|
|
Batting: RHB Jake Mitchell
|
0-0: Ground out 5-3 (Groundball, 5, EV 88.8 MPH)
|
| Top of the 5th over - 1 run, 1 hit, 0 errors, 2 left on base; Chicago (APP) 4 - San Diego (APP) 4 |
| BOTTOM OF THE 5TH |
|
San Diego (APP) Padres batting - Pitching for Chicago (APP) Cubs : RHP Arnaldo Cardamenho
|
|
Pitching: RHP Carlos Zavala
|
|
|
Batting: RHB Ryan Tatum
|
0-0: Ball 1-0: Called Strike 1-1: Fly out, F2 (Popup, 2RF, EV 91.9 MPH)
|
|
Batting: LHB Carlos Cuellar
|
0-0: Ball 1-0: Ball 2-0: Fly out, F8 (Line Drive, 8RM, EV 92.5 MPH)
|
|
Batting: RHB Tom Tate
|
0-0: Foul Ball, location: 2F 0-1: Swinging Strike 0-2: Strikes out looking
|
| Bottom of the 5th over - 0 runs, 0 hits, 0 errors, 0 left on base; Chicago (APP) 4 - San Diego (APP) 4 |
| TOP OF THE 6TH |
|
Chicago (APP) Cubs batting - Pitching for San Diego (APP) Padres : RHP Scott Gillis
|
|
Batting: RHB Jerry Blas
|
0-0: Swinging Strike 0-1: Ball 1-1: Foul Ball, location: 2F 1-2: Foul Ball, location: 2F 1-2: Foul Ball, location: 2F 1-2: Foul Ball, location: 2F 1-2: Foul Ball, location: 2F 1-2: Ball 2-2: Ball 3-2: SINGLE (Groundball, 6MS, EV 66.3 MPH) (infield hit)
|
|
Batting: RHB Andy Huntley
|
0-0: Ball 1-0: Ball 2-0: Ball 3-0: Base on Balls Jerry Blas to second
|
|
Batting: RHB Leonardo Nava
|
0-0: Foul Ball, location: 2F 0-1: Ball 1-1: Ball 2-1: Grounds into double play, 4-6-3 (Groundball, 4, EV 110.6 MPH) Jerry Blas to third
|
|
Pitching: RHP Nick Goodlow
|
|
|
Batting: RHB Tak-keung Chieu
|
0-0: Ball 1-0: Ball 2-0: Foul Ball, location: 2F 2-1: Ball 3-1: Swinging Strike 3-2: Strikes out swinging
|
| Top of the 6th over - 0 runs, 1 hit, 0 errors, 1 left on base; Chicago (APP) 4 - San Diego (APP) 4 |
| BOTTOM OF THE 6TH |
|
San Diego (APP) Padres batting - Pitching for Chicago (APP) Cubs : RHP Carlos Zavala
|
|
Batting: LHB Hugo MacBeth
|
0-0: Ball 1-0: Ball 2-0: Ball 3-0: Called Strike 3-1: Fly out, F2 (Popup, 2RF, EV 86.9 MPH)
|
|
Batting: LHB Rogelio Nunez
|
0-0: Ball 1-0: Called Strike 1-1: Called Strike 1-2: Foul Ball, location: 2F 1-2: Strikes out swinging
|
|
Batting: RHB Tyler West
|
0-0: Foul Ball, location: 2F 0-1: Foul Ball, location: 2F 0-2: Strikes out swinging
|
| Bottom of the 6th over - 0 runs, 0 hits, 0 errors, 0 left on base; Chicago (APP) 4 - San Diego (APP) 4 |
| TOP OF THE 7TH |
|
Chicago (APP) Cubs batting - Pitching for San Diego (APP) Padres : RHP Nick Goodlow
|
|
Batting: LHB Mark Ingram
|
0-0: Ball 1-0: Ball 2-0: Ball 3-0: Base on Balls
|
|
Batting: RHB Randy Schmitt
|
0-0: Swinging Strike 0-1: Ball 1-1: Ball 2-1: Swinging Strike 2-2: Foul Ball, location: 2F 2-2: Strikes out swinging
|
|
Batting: SHB Gabriel Cruz
|
0-0: Ball 1-0: Ball 2-0: Fielders Choice at 2nd, 4-6 (Groundball, 4, EV 80.0 MPH)
|
|
Batting: RHB Han-seung Hah
|
0-0: Ball Gabriel Cruz is caught stealing 2nd base 2-4
|
| Top of the 7th over - 0 runs, 0 hits, 0 errors, 0 left on base; Chicago (APP) 4 - San Diego (APP) 4 |
| BOTTOM OF THE 7TH |
|
San Diego (APP) Padres batting - Pitching for Chicago (APP) Cubs : RHP Carlos Zavala
|
|
Pitching: RHP Julio Arteaga
|
|
|
Batting: RHB Max Stillo
|
0-0: Ball 1-0: Ball 2-0: SINGLE (Groundball, 6D, EV 103.1 MPH)
|
|
Batting: RHB Stephon Hill
|
0-0: Ball 1-0: Bunted foul 1-1: Ball 2-1: Bunted foul 2-2: Ball 3-2: Foul Ball, location: 2F 3-2: Foul Ball, location: 2F 3-2: Base on Balls Max Stillo to second
|
|
Batting: LHB Phil Lerner
|
0-0: Bunted foul 0-1: Sac Bunt to 3S - play at first, batter OUT! 3-4 Max Stillo to third Stephon Hill to second
|
|
Batting: RHB Ryan Tatum
|
0-0: Called Strike 0-1: Ball 1-1: Ball 2-1: Called Strike 2-2: Ball 3-2: Fly out, F8 (Flyball, 89M, EV 96.3 MPH) Runner from 3rd tags up, SCORES, throw by CF
|
|
Batting: LHB Carlos Cuellar
|
0-0: Intentional Walk
|
|
Batting: RHB Tom Tate
|
0-0: Fly out, F8 (Line Drive, 8RD, EV 110.6 MPH)
|
| Bottom of the 7th over - 1 run, 1 hit, 0 errors, 2 left on base; Chicago (APP) 4 - San Diego (APP) 5 |
| TOP OF THE 8TH |
|
Chicago (APP) Cubs batting - Pitching for San Diego (APP) Padres : RHP Nick Goodlow
|
|
Pitching: RHP Roger Brennan
|
|
|
Batting: RHB Han-seung Hah
|
0-0: Ball 1-0: Ground out 4-3 (Groundball, 4, EV 83.1 MPH)
|
|
Batting: RHB Jake Mitchell
|
0-0: Ball 1-0: SOLO HOME RUN (Flyball, 78XD, EV 105.0 MPH), Distance : 417 ft
|
|
Batting: RHB Jerry Blas
|
0-0: Swinging Strike 0-1: Ball 1-1: Called Strike 1-2: Strikes out swinging
|
|
Batting: RHB Andy Huntley
|
0-0: Called Strike 0-1: SINGLE (Groundball, 6MD, EV 94.4 MPH)
|
|
Batting: RHB Leonardo Nava
|
0-0: Ball Andy Huntley steals 2nd base 1-0: Ball 2-0: SINGLE (Groundball, 6MS, EV 90.0 MPH) (infield hit) Andy Huntley to third
|
|
Batting: RHB Tak-keung Chieu
|
0-0: Ball 1-0: Swinging Strike 1-1: SINGLE (Groundball, 56D, EV 101.3 MPH) Andy Huntley scores Leonardo Nava to second
|
|
Batting: LHB Mark Ingram
|
0-0: Ball 1-0: Ball 2-0: Called Strike 2-1: Ball 3-1: Base on Balls Leonardo Nava to third Tak-keung Chieu to second
|
|
Batting: RHB Randy Schmitt
|
0-0: Ball 1-0: Ball 2-0: Ball Wild Pitch! Leonardo Nava scores Tak-keung Chieu to third Mark Ingram to second 3-0: Base on Balls
|
|
Batting: SHB Gabriel Cruz
|
0-0: Foul Ball, location: 2F 0-1: Ball 1-1: Ball 2-1: Foul Ball, location: 2F 2-2: Ball 3-2: Foul Ball, location: 2F 3-2: Strikes out looking
|
| Top of the 8th over - 3 runs, 4 hits, 0 errors, 3 left on base; Chicago (APP) 7 - San Diego (APP) 5 |
| BOTTOM OF THE 8TH |
|
San Diego (APP) Padres batting - Pitching for Chicago (APP) Cubs : RHP Julio Arteaga
|
|
Pitching: LHP Eddie Panagos
|
|
|
Now at 1B: Jose Sanchez
|
|
|
Pinch Hitting: RHB Aaron Joseph
|
0-0: Called Strike 0-1: Foul Ball, location: 2F 0-2: SINGLE (Groundball, 6S, EV 71.3 MPH) (infield hit)
|
|
Batting: LHB Rogelio Nunez
|
0-0: Swinging Strike 0-1: Foul Ball, location: 2F 0-2: Strikes out looking
|
|
Batting: RHB Tyler West
|
0-0: Ball 1-0: Fly out, F3 (Popup, 3F, EV 80.0 MPH)
|
|
Batting: RHB Max Stillo
|
0-0: Called Strike 0-1: Swinging Strike 0-2: Ball 1-2: Ball 2-2: Strikes out looking
|
| Bottom of the 8th over - 0 runs, 1 hit, 0 errors, 1 left on base; Chicago (APP) 7 - San Diego (APP) 5 |
| TOP OF THE 9TH |
|
Chicago (APP) Cubs batting - Pitching for San Diego (APP) Padres : RHP Roger Brennan
|
|
Pitching: RHP Eric Busby
|
|
|
Now at 1B: Aaron Joseph
|
|
|
Batting: RHB Han-seung Hah
|
0-0: Called Strike 0-1: Ball 1-1: Called Strike 1-2: Ball 2-2: Strikes out looking
|
|
Batting: RHB Jake Mitchell
|
0-0: Called Strike 0-1: Swinging Strike 0-2: Foul Ball, location: 2F 0-2: Ball 1-2: Reached on error, E6 (Groundball, 6M, EV 105.0 MPH)
|
|
Batting: RHB Jerry Blas
|
0-0: Fly out, F8 (Flyball, 8RS, EV 91.3 MPH)
|
|
Batting: RHB Andy Huntley
|
0-0: Ball 1-0: Foul Ball, location: 2F 1-1: Foul Ball, location: 2F 1-2: Foul Ball, location: 2F 1-2: Strikes out looking
|
| Top of the 9th over - 0 runs, 0 hits, 1 error, 1 left on base; Chicago (APP) 7 - San Diego (APP) 5 |
| BOTTOM OF THE 9TH |
|
San Diego (APP) Padres batting - Pitching for Chicago (APP) Cubs : LHP Eddie Panagos
|
|
Pitching: RHP Ryan Masterson
|
|
|
Batting: RHB Stephon Hill
|
0-0: Ground out 6-3 (Groundball, 6M, EV 88.8 MPH)
|
|
Batting: LHB Phil Lerner
|
0-0: Ground out 3-1 (Groundball, 34S, EV 89.4 MPH)
|
|
Batting: RHB Ryan Tatum
|
0-0: Foul Ball, location: 2F 0-1: Fly out, F7 (Flyball, 7S, EV 90.0 MPH)
|
| Bottom of the 9th over - 0 runs, 0 hits, 0 errors, 0 left on base; Chicago (APP) 7 - San Diego (APP) 5 |
|